 Dungeon Crawl Stone Soup version 0.31.0-11-ge490571c62 (webtiles) character file.

Game seed: 7521143996849276362

111 qw the Shooter (level 4, -2/23 HPs)
             Began as a Spriggan Hunter on Feb 3, 2024.
             Slain by Grinder (6 damage)
             ... while paralysed by Grinder
             ... on level 3 of the Dungeon.
             The game lasted 00:00:05 (1398 turns).

qw the Shooter (Spriggan Hunter)                    Turns: 1398, Time: 00:00:06

Health: -2/23      AC:  2    Str:  3    XL:     4   Next: 62%
Magic:  5/5        EV:  1    Int: 13    God:
Gold:   154        SH:  0    Dex: 24    Spells: 3/3 levels left

rFire   . . .        a - +0 shortbow
rCold   . . .        (shield currently unavailable)
rNeg    . . .        c - +0 robe
rPois   .            (helmet restricted)
rElec   .            b - scarf of Insecurity {shadows, Str-4 Int+3 Dex+4}
rCorr   .            (gloves unavailable)
SInv    +            (boots unavailable)
Will    .....        (no amulet)
Stlth   ++           (no ring)
HPRegen 0.23/turn    (no ring)
MPRegen 0.09/turn

%: no passive effects
@: paralysed, constricted, very quick
A: very small, no large weapons, unfitting armour, see invisible, speed 3
a: no special abilities


You were on level 3 of the Dungeon.
You visited 1 branch of the dungeon, and saw 3 of its levels.

You collected 154 gold pieces.


Innate Abilities, Weirdness & Mutations

You are very small and have problems with some larger weapons.
You are too small for most types of armour.
You have supernaturally acute eyesight. (SInv)
You cover ground extremely quickly. (Speed+++)


   Skills:
 + Level 1.6 Fighting
 - Level 5.1 Ranged Weapons
 - Level 5.0 Dodging
 - Level 1.5 Stealth


You had 3 spell levels left.
You didn't know any spells.
Your spell library was empty.

Inventory:

Hand Weapons
 a - a +0 shortbow (weapon)
Armour
 b - the scarf of Insecurity (worn) {shadows, Str-4 Int+3 Dex+4}
   (You found it on level 2 of the Dungeon)

   Str-4:     It affects your strength (-4).
   Int+3:     It affects your intelligence (+3).
   Dex+4:     It affects your dexterity (+4).
 c - a +0 robe (worn)
Jewellery
 f - a ring of fire
Scrolls
 g - a scroll of identify

Dungeon Overview and Level Annotations

Branches:
Dungeon (3/15)

Altars:
Ashenzari

Annotations:
D:3 Grinder


Message History

Found a dagger.
Grinder comes into view.
You shoot an arrow. The arrow hits Grinder!
Grinder shouts!
Grinder is lightly wounded.
You shoot an arrow. The arrow hits Grinder.
Grinder is moderately wounded.
You shoot an arrow. The arrow completely misses Grinder.
Grinder hits you.
You writhe in agony.
You shoot an arrow. The arrow hits Grinder.
Grinder is moderately wounded.
Grinder misses you. Grinder gestures at you. Pain shoots through your body!
You shoot an arrow. The arrow closely misses Grinder.
Grinder gestures at you. You resist with some effort.
You shoot an arrow. The arrow hits Grinder.
Grinder is moderately wounded.
Grinder blinks!
You shoot an arrow. The arrow hits Grinder.
Grinder is heavily wounded.
Grinder blinks!
You start resting.
Grinder is nearby!
You shoot an arrow. The arrow barely misses Grinder.
A ball python comes into view.
You shoot an arrow. The arrow hits Grinder!
Grinder is severely wounded.
You shoot an arrow. The arrow hits Grinder.
Grinder is severely wounded.
You shoot an arrow. The arrow closely misses Grinder.
Grinder gestures at you.
You suddenly lose the ability to move!
The ball python bites you but does no damage.
The ball python grabs you. The ball python constricts you.
The ball python bites you. The ball python constricts you. Grinder hits you.
You writhe in agony.
You die...
Grinder says, "Hey, I wasn't done torturing you yet!"

...##.#######
.#..........#
.#..........#
.#..........#
.##.........############
.##....................#
.#####...<.............
.#.....#####...S5......
.#.#.###########@...#
##>............#....#
##....#####%##.#....#
#####.# ##.......####
#####.###........#
##.....#..~~.~~....#
##.##..#...~.~...#..#
##.......~.....~.##..#
.........~~...~~.# #.#


You could see Grinder and a ball python.

Vanquished Creatures
  An iguana (D:2)
  3 adders (D:2)
  A dart slug (D:2)
  8 ball pythons
  4 endoplasms
  3 goblins
  5 hobgoblins
  4 jackals (D:1)
  6 kobolds
  3 quokkas
  3 bats
  5 frilled lizards
  7 rats
53 creatures vanquished.

Notes
Turn   | Place    | Note
-------+----------+-------------------------------------------
     0 | D:1      | qw the Spriggan Hunter began the quest for the Orb.
     0 | D:1      | Reached XP level 1. HP: 10/10 MP: 2/2
     0 | D:1      | 0 ||| qw: Version: 0.3-a-158-g18b3111
     0 | D:1      | 0 ||| qw: Game counter: 4284
     0 | D:1      | 0 ||| qw: Melee chars always use a shield: true
     0 | D:1      | 0 ||| qw: God list: Okawaru
     0 | D:1      | 0 ||| qw: Allow faded altars: false
     0 | D:1      | 0 ||| qw: Do Orc after clearing Dungeon:15 true
     0 | D:1      | 0 ||| qw: Do second Lair branch before Depths: true
     0 | D:1      | 0 ||| qw: Lair rune preference: random
     0 | D:1      | 0 ||| qw: Goals: Normal
     0 | D:1      | 0 ||| PLANNING D:1-11
    13 | D:1      | Reached skill level 3 in Dodging
   106 | D:1      | Reached XP level 2. HP: 14/14 MP: 3/3
   418 | D:1      | Reached XP level 3. HP: 18/18 MP: 4/4
   656 | D:1      | 656 ||| READING scroll labelled VERI ITYWNEH.
   657 | D:1      | 657 ||| READING scroll labelled FOHITHR WIBOT.
   658 | D:1      | 658 ||| DROPPING scroll of butterflies.
   761 | D:2      | Identified the scarf of Insecurity {shadows, Str-4 Int+3
                  | Dex+4}
   810 | D:2      | Reached XP level 4. HP: 22/22 MP: 5/5
   956 | D:2      | 956 ||| FLEEEEING.
   957 | D:2      | 957 ||| FLEEEEING.
   958 | D:2      | 958 ||| FLEEEEING.
   959 | D:2      | 959 ||| FLEEEEING.
   960 | D:2      | 960 ||| FLEEEEING.
   961 | D:2      | 961 ||| FLEEEEING.
   962 | D:2      | 962 ||| FLEEEEING.
   963 | D:2      | 963 ||| FLEEEEING.
   964 | D:2      | 964 ||| FLEEEEING.
   965 | D:2      | 965 ||| FLEEEEING.
   966 | D:2      | 966 ||| FLEEEEING.
  1241 | D:2      | Found a faded altar of an unknown god.
  1295 | D:2      | 1295 ||| UPGRADING to scarf of Insecurity {shadows, Str-4
                  | Int+3 Dex+4}.
  1300 | D:2      | 1300 ||| DROPPING amulet of magic regeneration.
  1301 | D:2      | 1301 ||| DROPPING +6 ring of intelligence.
  1370 | D:3      | Found a broken altar of Ashenzari.
  1381 | D:3      | Noticed Grinder
  1395 | D:3      | Paralysed by Grinder for 5 turns
  1398 | D:3      | HP: 4/23 [Grinder (4)]
  1398 | D:3      | Slain by Grinder

Levels and vault maps discovered:
D:1:      nicolae_arrival_washed_ashore, layout_loops_ring
D:2:      layout_basic, shapermc_ecumenical_altar_rom_forum
D:3:      layout_basic, mainiacjoe_overflow_small_starburst, uniq_grinder

Skill      XL: |  1  2  3  4 |
---------------+-------------+-----
Dodging        | 3 4 5 |  5.0
Ranged Weapons | 5 |  5.1
Fighting       | |  1.6
Stealth        | |  1.5

Action                     |  1- 3 |  4- 6 || total
---------------------------+-------+-------++-------
   Fire: Shortbow          |    79 |    68 ||   147
    Use: Scroll            |     2 |       ||     2
 Armour: Robe              |     6 |     6 ||    12
  Dodge: Dodged            |    20 |    14 ||    34

Table legend:
 A = Non-vault XP
 B = Vault XP
 C = Vault XP percentage of total XP
 D = Non-vault monster count
 E = Vault monster count
 F = Vault count percentage of total count
                 A         B        C        D         E       F
            +---------+---------+-------+---------+---------+-------
      Total |     159 |       0 |   0.0 |      53 |       0 |   0.0
            +---------+---------+-------+---------+---------+-------
        D:1 |      44 |       0 |   0.0 |      27 |       0 |   0.0
        D:2 |     113 |       0 |   0.0 |      25 |       0 |   0.0
        D:3 |       2 |       0 |   0.0 |       1 |       0 |   0.0
            +---------+---------+-------+---------+---------+-------
